 Dungeon Crawl Stone Soup version 0.27.1-1-g398f81649c (webtiles) character file.

Game seed: 15219406191036461396

114 mainiacjoe the Caller (level 5, 0/34 (35) HPs)
             Began as a Human Summoner on Sept 10, 2021.
             Was a Believer of the Shining One.
             Slain by a goblin (6 damage)
             ... led by Robin
             ... on level 3 of the Dungeon.
             The game lasted 00:07:55 (3317 turns).

mainiacjoe the Caller (Human Summoner)              Turns: 3317, Time: 00:07:55

HP:   0/34 (35)     AC:  3    Str:  8    XL:     5   Next: 19%
MP:   4/8           EV: 12    Int: 16    God:    the Shining One [**....]
Gold: 88            SH:  0    Dex: 14    Spells: 0/8 levels left

rFire    . . .     SeeInvis .   a - +0 trident
rCold    . . .     Faith    .   (no shield)
rNeg     + . .     Spirit   .   l - +0 robe
rPois    .         Reflect  .   (no helmet)
rElec    .         Harm     .   (no cloak)
rCorr    .         Rampage  .   n - +0 pair of gloves
Will     .....                  (no boots)
Stlth    +.........             (no amulet)
HPRegen  0.11/turn              m - ring of wizardry {=R}
MPRegen  0.11/turn              (no ring)

@: glowing, lightly drained
A: no striking features
a: Renounce Religion, Divine Shield


You were on level 3 of the Dungeon.
You worshipped the Shining One.
The Shining One was pleased with you.
You visited 1 branch of the dungeon, and saw 3 of its levels.

You collected 88 gold pieces.

Inventory:

Hand Weapons
 a - a +0 trident (weapon)
 b - a +0 whip
 q - a +0 short sword
Missiles
 d - 72 stones
 g - 11 poisoned darts
Armour
 l - a +0 robe (worn)
 n - a +0 pair of gloves (worn)
Jewellery
 m - a ring of wizardry (left hand) {=R}
Wands
 o - a wand of polymorph (6)
Scrolls
 c - a scroll of amnesia {unknown}
 e - a scroll of immolation {unknown}
 f - 2 scrolls of teleportation {unknown}
 i - a scroll of fear {unknown}
 j - 2 scrolls of noise {unknown}
Potions
 h - a potion of brilliance {unknown}
 k - a potion of flight {unknown}
 p - a potion of ambrosia {unknown}


   Skills:
 - Level 2.0 Dodging
 - Level 2.0 Stealth
 - Level 2.0 Spellcasting
 * Level 5.5 Summonings
 + Level 2.4 Invocations


You couldn't memorise any spells.
You knew the following spells:

 Your Spells              Type           Power      Damage    Failure   Level
a - Summon Small Mammal   Summ           76%        N/A       1%          1
b - Summon Lightning Spi  Summ/Air       10%        N/A       26%         4
c - Call Canine Familiar  Summ           19%        N/A       2%          3

Your spell library contained the following spells:

 Spells                   Type           Power      Damage    Failure   Level
 Call Imp                 Summ           19%        N/A       1%          2
 Summon Guardian Golem    Hex/Summ       10%        N/A       9%          3
 Slow                     Hex            1%         N/A       12%         2
 Confusing Touch          Hex            1%         N/A       24%         3
 Yara's Violent Unravell  Hex/Tmut       0%         3d3       89%         5


Dungeon Overview and Level Annotations

Branches:
Dungeon (3/15)

Altars:
Uskayaw
The Shining One

Annotations:
D:3 Robin


Message History

Robin throws the goblin at you! The goblin misses you.
The goblin unwields a +0 hunting sling.
The goblin wields a +0 dagger.
The goblin barely misses you.
Your rat bites the goblin.
Unknown command.
Unknown command.
You hit the goblin.
The goblin is severely wounded.
The goblin hits you but does no damage. The goblin closely misses you.
Your rat bites the goblin.
The goblin dies!
Your hound bites the goblin.
The goblin dies!
What are your orders? t - Shout!
Orders for allies: a - Attack new target. r - Retreat! s - Stop attacking. g - Guard the area. f - Follow me.
Anything else - Cancel.
Gang up on whom?
Press: ? - help, Dir - move target, f - Robin
Aim: Robin, wielding a +0 club, wearing a +0 animal skin and wearing a +0 helmet Attack!
Robin throws the goblin at you! The goblin hits you with a +0 dagger.
Robin throws the goblin at you!
You puncture the goblin!
You kill the goblin!
The goblin hits your hound with a +0 club.
Robin closely misses your hound. The goblin hits you with a +0 club.
Your hound misses the goblin. Robin throws the goblin at you!
The goblin hits you with a +0 club.
* * * LOW HITPOINT WARNING * * *
Things that are here:
a +0 dagger; a goblin corpse You hit the goblin.
The goblin is heavily wounded.
The goblin barely misses you. The goblin hits you with a +0 club.
* * * LOW HITPOINT WARNING * * *
You hit the goblin.
You kill the goblin!
Your rat bites the goblin.
The goblin hits you with a +0 club.
You die...

#.#...##......##....#..g......
#...#......#......#.#g........
#.####.........#.##grĂ·.g......
#.# #........##.#r.g)...?....
..# #..###....##.#...#........
..###.## ##...##.....##.......
..#...# #...##)h#..##.......
.....# #.###g)#...........
....## #...)@....##.......
.#### #.........# ..... .##
##........... b .<#
#######.........##..
..####.....[.#####...## .
.........[.............
....#################### ..###
..#


You could see 2 hobgoblins, 2 goblins, a friendly hound (summoned) and 2
friendly rats.

Vanquished Creatures
  Natasha (D:3)
  A dart slug (D:1)
  4 bats
  3 endoplasms
  2 giant cockroaches
  5 goblins
  A hobgoblin (D:2)
  4 jackals (D:1)
  5 ball pythons
  2 frilled lizards
  4 kobolds
  3 rats
35 creatures vanquished.

Vanquished Creatures (collateral kills)
  Jessica (D:3)
  Natasha (D:3)
  A hound zombie (D:3)
  2 worms
  A dart slug (D:1)
  An orc (D:3)
  A ball python (D:1)
  A bat (D:1)
  An endoplasm (D:1)
  2 goblins (D:3)
  A hobgoblin (D:2)
  A jackal (D:1)
14 creatures vanquished.

Vanquished Creatures (others)
  A butterfly (D:3)
1 creature vanquished.

Grand Total: 50 creatures vanquished

Notes
Turn   | Place    | Note
-------+----------+-------------------------------------------
     0 | D:1      | mainiacjoe the Human Summoner began the quest for the Orb.
     0 | D:1      | Reached XP level 1. HP: 13/13 MP: 3/3
    94 | D:1      | Noticed a shining eye
    96 | D:1      | Found a faded altar of an unknown god.
   100 | D:1      | Noticed a shining eye
   100 | D:1      | Noticed a great orb of eyes
   100 | D:1      | Noticed a golden eye
   105 | D:1      | Became a worshipper of the Shining One
   105 | D:1      | Reached * piety under the Shining One
   183 | D:1      | Reached XP level 2. HP: 16/19 MP: 5/5
   557 | D:1      | Reached skill level 1 in Invocations
   871 | D:1      | Reached XP level 3. HP: 24/24 MP: 2/6
  1015 | D:1      | Learned a level 3 spell: Call Canine Familiar
  2221 | D:2      | Found a hide-covered altar of Uskayaw.
  2661 | D:3      | Noticed Jessica
  2676 | D:3      | Killed Jessica
  2677 | D:3      | Reached skill level 5 in Summonings
  2677 | D:3      | Reached XP level 4. HP: 30/30 MP: 1/7
  2694 | D:3      | Reached ** piety under the Shining One
  2880 | D:3      | Noticed Robin
  2945 | D:3      | Noticed Natasha
  2953 | D:3      | Killed Natasha
  3155 | D:3      | Noticed Natasha
  3166 | D:3      | Killed Natasha
  3167 | D:3      | Reached XP level 5. HP: 26/35 MP: 3/8
  3184 | D:3      | Learned a level 4 spell: Summon Lightning Spire
  3317 | D:3      | Slain by a goblin

Illustrated notes

Levels and vault maps discovered:
D:1:      psy_arrival_conway, layout_loops_corners,
          hellmonk_ecumenical_altar_watching_god
D:2:      layout_loops_ring, basic_altar
D:3:      layout_rooms, nicolae_elyvilon_peaceful_grove, minmay_box_of_dots,
          uniq_ijyb, uniq_terence, uniq_natasha, uniq_robin, uniq_jessica

Skill      XL: |  1  2  3  4 |
---------------+-------------+-----
Invocations    | 1 2 |  2.4
Summonings     | 5 |  5.5
Dodging        | |  2.0
Stealth        | |  2.0
Spellcasting   | |  2.0

Action                   |  1- 3 |  4- 6 || total
-------------------------+-------+-------++-------
Melee: Whip              |    76 |       ||    76
       Unarmed           |     1 |       ||     1
       Short sword       |    14 |     8 ||    22
       Trident           |       |    29 ||    29
 Cast: Summon Small Mamm |    29 |     6 ||    35
       Call Canine Famil |     2 |     3 ||     5
Armor: Robe              |    21 |    10 ||    31
Dodge: Dodged            |    65 |    27 ||    92
